 Dungeon Crawl Stone Soup version 0.27-a0-419-g7a85846853 (console) character file.

Game seed: 12114111977200697677

549 Garrluk the Cudgeller (level 7, 0/57 HPs)
             Began as a Minotaur Fighter on Feb 26, 2021.
             Was an Initiate of Okawaru.
             Slain by Pikel
             ... wielding a +2 whip of electrocution
              (1 damage)
             ... on level 4 of the Dungeon.
             The game lasted 00:08:52 (1515 turns).

Garrluk the Cudgeller (Minotaur Fighter)            Turns: 1515, Time: 00:08:52

Health: 0/57       AC:  9    Str: 22    XL:     7   Next: 7%
Magic:  0/6        EV:  5    Int:  5    God:    Okawaru [......]
Gold:   97         SH:  9    Dex: 10    Spells: 6/6 levels left

rFire    . . .     SeeInvis .   a - +0 whip
rCold    . . .     Faith    .   c - +0 kite shield
rNeg     . . .     Spirit   +   m - +0 chain mail
rPois    .         Reflect  .   (helmet restricted)
rElec    .         Harm     .   (no cloak)
rCorr    .         Rampage  .   (no gloves)
Will     .....                  (no boots)
Stlth    ..........             n - amulet of guardian spirit
HPRegen  0.19/turn              (no ring)
MPRegen  0.10/turn              (no ring)

@: mighty
A: retaliatory headbutt, horns 2
a: Renounce Religion


You were on level 4 of the Dungeon.
You worshipped Okawaru.
Okawaru was noncommittal.
You visited 2 branches of the dungeon, and saw 6 of its levels.

You collected 97 gold pieces.

Notes
Turn   | Place    | Note
-------+----------+-------------------------------------------
     0 | D:1      | Garrluk the Minotaur Fighter began the quest for the Orb.
     0 | D:1      | Reached XP level 1. HP: 19/19 MP: 0/0
    87 | D:1      | Reached skill level 3 in Maces & Flails
    87 | D:1      | Reached XP level 2. HP: 26/26 MP: 1/1
   183 | D:2      | Found a blossoming altar of Fedhas.
   584 | D:3      | Reached XP level 3. HP: 29/31 MP: 2/2
   659 | D:3      | Reached skill level 1 in Slings
   667 | D:3      | Found a blossoming altar of Fedhas.
   780 | D:4      | Noticed a scorpion
   790 | D:4      | Killed a scorpion
   791 | D:4      | Reached skill level 4 in Maces & Flails
   791 | D:4      | Reached XP level 4. HP: 19/39 MP: 3/3
  1121 | D:4      | Noticed an ogre
  1132 | D:4      | Killed an ogre
  1133 | D:4      | Reached skill level 5 in Maces & Flails
  1133 | D:4      | Reached XP level 5. HP: 21/45 MP: 1/4
  1185 | D:4      | Found a staircase to the Ecumenical Temple.
  1190 | D:4      | Noticed an ogre
  1196 | D:4      | Killed an ogre
  1197 | D:4      | Reached skill level 6 in Maces & Flails
  1197 | D:4      | Reached XP level 6. HP: 34/51 MP: 5/5
  1207 | Temple   | Entered the Ecumenical Temple
  1218 | Temple   | Became a worshipper of Warmaster Okawaru
  1325 | D:4      | Reached skill level 7 in Maces & Flails
  1388 | D:4      | Reached XP level 7. HP: 34/57 MP: 2/6
  1498 | D:5      | Entered Level 5 of the Dungeon
  1498 | D:5      | Noticed Pikel
  1513 | D:4      | HP: 1/57 [Pikel/+2 whip of electrocution (11)]
  1515 | D:4      | Slain by Pikel

Inventory:

Hand Weapons
 a - a +0 whip (weapon)
   (You found it on level 3 of the Dungeon)
 b - a +0 hunting sling
   (You found it on level 1 of the Dungeon)
 q - a +0 flail
Missiles
 f - 26 sling bullets
 i - 78 stones
 j - 9 poisoned darts (quivered)
Armour
 c - a +0 kite shield (worn)
 m - a +0 chain mail (worn)
   (You found it on level 2 of the Dungeon)
Jewellery
 n - an amulet of guardian spirit (around neck)
   (You found it on level 3 of the Dungeon)
Scrolls
 h - a scroll of noise {unknown}
 k - 4 scrolls of amnesia
 l - 2 scrolls of enchant weapon {unknown}
 r - a scroll of blinking {unknown}
Potions
 o - a potion of curing
 p - 2 potions of attraction {unknown}

Table legend: (Time is in decaauts)
 A = Elapsed time spent in this place.
 B = Non-inter-level travel time spent in this place.
 C = Inter-level travel time spent in this place.
 D = Time resting spent in this place.
 E = Time spent auto-exploring this place.
 F = Levels seen in this place.
 G = Mean time per level.
                   A        B        C        D        E       F      G
               +--------+--------+--------+--------+--------+-----+--------+
         Total |   1546 |   1520 |     26 |    267 |     21 |   6 |  257.7 |
       Dungeon |   1526 |   1500 |     26 |    267 |     21 |   5 |  305.2 |
        Temple |     20 |     20 |      0 |      0 |      0 |   1 |   20.0 |
               +--------+--------+--------+--------+--------+-----+--------+

Top non-repeatable levels by time:
     D:4: 757 daAuts
     D:2: 310 daAuts
     D:3: 267 daAuts
     D:1: 188 daAuts
  Temple: 20 daAuts
     D:5: 1 daAuts


   Skills:
 - Level 3.6 Fighting
 * Level 7.5 Maces & Flails
 - Level 4.1 Slings
 - Level 3.6 Armour
 - Level 4.4 Shields


You had 6 spell levels left.
You didn't know any spells.
Your spell library was empty.

Dungeon Overview and Level Annotations

Branches:
Dungeon (5/15)             Temple (1/1) D:4

Altars:
Fedhas
Okawaru

Annotations:
D:4 Pikel


Innate Abilities, Weirdness & Mutations

You reflexively headbutt those who attack you in melee.
You have a pair of horns on your head.


Message History

Pikel checks his coin pouch and frowns.
You barely miss the lemure.
The lemure is lightly wounded.
You block the lemure's attack.
You feel very mighty all of a sudden. You block the lemure's attack.
You whack the lemure! You headbutt the lemure!
You kill the lemure!
That felt strangely unrewarding.
You hit Pikel. Your headbutt misses Pikel.
Pikel is lightly wounded.
You whack Pikel!
Pikel is moderately wounded.
Pikel hits you with a +2 whip of electrocution.
You are electrocuted!!
You closely miss Pikel.
Pikel is moderately wounded.
Pikel barely misses you.
You whack Pikel! Your headbutt misses Pikel.
Pikel is heavily wounded.
Pikel drinks a potion.
Pikel is healed!
You hit Pikel.
Pikel is heavily wounded.
Pikel hits you with a +2 whip of electrocution.
You hit Pikel.
Pikel is heavily wounded.
Pikel hits you but does no damage.
You are electrocuted!
* * * LOW HITPOINT WARNING * * *
Your shield and chain mail prevent you from hitting Pikel.
Your headbutt misses Pikel.
Pikel is heavily wounded.
Pikel hits you but does no damage.
You are electrocuted!
* * * LOW HITPOINT WARNING * * *
You barely miss Pikel. Your headbutt misses Pikel.
Pikel is heavily wounded.
Pikel hits you but does no damage.
You hit Pikel. Your headbutt misses Pikel.
Pikel is heavily wounded.
Pikel hits you with a +2 whip of electrocution.
You die...

#.##.#....#.#...# #.
#...............# #.
###.#.....#.#..##...
#.
#####..†..#.#.........
#.
#.......#.#.##.#.##.##
#. #.........#.##.#.#
# #.
..#<......#.##...##.#
#.
.#######....###.....#
#. .........####
#.>#### ## .#########
###K############
.....##
#..@...........#
.......#
#..............####
.......#
#.................#
.......#
#.................#
.......#
##############....#
.......# #....#
.......# #....#
######## #....# #....#
#....# ######


You could see Pikel.

Table legend:
 A = Kills in this place as a percentage of kills in entire the game.
 B = Kills by you in this place as a percentage of kills by you in the entire game.
 C = Kills by friends in this place as a percentage of kills by friends in the entire game.
 D = Other kills in this place as a percentage of other kills in the entire game.
 E = Experience gained in this place as a percentage of experience gained in the entire game.
 F = Experience gained in this place divided by the number of levels of this place that you have seen.
                   A       B       C       D       E      F
               +-------+-------+-------+-------+-------+----------------------
         Total | 100.0 | 100.0 |   N/A |   N/A | 100.0 | 130.8
       Dungeon | 100.0 | 100.0 |   N/A |   N/A | 100.0 | 157.0
               +-------+-------+-------+-------+-------+----------------------

Vanquished Creatures
  Monster Symbol All '5'
  A lemure (D:4)
1 creature vanquished. All 'B' 2 worker ants (D:4) 3 giant cockroaches
5 creatures vanquished. All 'J' An ooze (D:1)
1 creature vanquished. All 'K' 6 kobolds
6 creatures vanquished. All 'O' 3 ogres (D:4)
3 creatures vanquished. All 'S' A ball python (D:4)
1 creature vanquished. All 'Z' 2 adder skeletons (D:4)
2 creatures vanquished. All 'b' 5 bats
5 creatures vanquished. All 'g' 3 goblins A hobgoblin (D:3)
4 creatures vanquished. All 'h' A howler monkey (D:4)
1 creature vanquished. All 'l' An iguana (D:4) 2 frilled lizards
3 creatures vanquished. All 'o' 2 orc priests (D:4) An orc wizard (D:4) 8 orcs
11 creatures vanquished. All 'r' 3 rats (D:1)
3 creatures vanquished. All 's' A scorpion (D:4)
1 creature vanquished. All 'w' 2 worms
2 creatures vanquished.
49 creatures vanquished. Monster Nature Natural Monsters 3 ogres (D:4) A scorpion (D:4) A howler monkey (D:4) 2 orc priests (D:4) An iguana (D:4) An orc wizard (D:4) 2 worker ants (D:4) An ooze (D:1) 2 worms 8 orcs 5 bats 3 giant cockroaches 3 goblins A hobgoblin (D:3) 6 kobolds A ball python (D:4) 2 frilled lizards 3 rats (D:1)
46 creatures vanquished. Undead Monsters 2 adder skeletons (D:4)
2 creatures vanquished. Demonic Monsters A lemure (D:4)
1 creature vanquished.
49 creatures vanquished. Ascending Order A lemure (D:4) A scorpion (D:4) A howler monkey (D:4) An orc wizard (D:4) An iguana (D:4) An ooze (D:1) A hobgoblin (D:3) A ball python (D:4) 2 orc priests (D:4) 2 worker ants (D:4) 2 worms 2 adder skeletons (D:4) 2 frilled lizards 3 ogres (D:4) 3 goblins 3 giant cockroaches 3 rats (D:1) 5 bats 6 kobolds 8 orcs
49 creatures vanquished.

Action                   |  1- 3 |  4- 6 |  7- 9 || total
-------------------------+-------+-------+-------++-------
Melee: Flail             |    64 |       |       ||    64
       Headbutt          |    15 |    17 |     7 ||    39
       Whip              |    10 |    76 |    27 ||   113
 Fire: Hunting sling     |       |     8 |       ||     8
Throw: Stone             |     1 |       |       ||     1
       Dart              |       |     6 |       ||     6
  Use: Potion            |       |     1 |     1 ||     2
       Scroll            |       |       |     3 ||     3
Armor: Scale mail        |     9 |       |       ||     9
       Chain mail        |    34 |    31 |     5 ||    70
Dodge: Dodged            |    10 |    13 |     2 ||    25
Block: Kite shield       |    45 |    26 |     6 ||    77
